Map: Abyssal Reef LE

Players

relengendex

  • Race: Protoss Protoss
  • League: Platinum
  • Spawn Location: 5:00

DeakonFrost - Winner!

  • Race: Zerg Zerg
  • League: Diamond
  • Spawn Location: 11:00

VOD

Have the link to the VOD?

Description

Time

  • Played on: March 13, 2017, 8:33 p.m.
  • Length: 28:21
Show
View Real Time Build Order
Export as new Build Order

relengendex Protoss 

Build Orders:  

Get SALT Encoding   

  12  0:01  Probe (Chrono Boost)  
  13  0:11  Probe (Chrono Boost)  
  14  0:20  Pylon  
  14  0:22  Probe (Chrono Boost)  
  15  0:39  Probe (Chrono Boost), Gateway  
  16  0:49  Probe (Chrono Boost)  
  17  0:53  Assimilator  
  17  1:00  Probe (Chrono Boost)  
  18  1:10  Probe (Chrono Boost)  
  19  1:21  Probe (Chrono Boost)  
  20  1:27  Cybernetics Core  
  20  1:38  Gateway  
  20  1:43  Pylon  
  20  1:45  Assimilator  
  20  1:50  Probe (Chrono Boost)  
  21  2:01  Probe (Chrono Boost)  
  22  2:02  Pylon  
  22  2:03  Warp Gate  
  22  2:07  Adept  
  24  2:22  Twilight Council  
  24  2:25  Adept  
  26  2:34  Adept  
  28  2:49  Probe (Chrono Boost)  
  29  2:52  Adept  
  29  2:53  Pylon  
  29  2:55  Resonating Glaives  
  31  3:01  Adept  
  33  3:11  Probe (Chrono Boost)  
  34  3:19  Adept  
  36  3:28  Adept  
  38  3:35  Nexus  
  38  3:45  Stargate  
  39  4:03  Probe (Chrono Boost)  
  39  4:05  Stalker  
  39  4:08  Stalker  
  43  4:15  Probe (Chrono Boost)  
  44  4:28  Probe (Chrono Boost)  
  46  4:40  Probe (Chrono Boost)  
  46  4:45  Pylon  
  46  4:52  Probe (Chrono Boost)  
  47  4:58  Oracle, Probe (Chrono Boost)  
  47  4:59  Adept  
  48  5:00  Adept  
  48  5:04  Probe (Chrono Boost)  
  54  5:09  Probe (Chrono Boost)  
  54  5:12  Forge  
  55  5:16  Probe (Chrono Boost)  
  56  5:23  Gateway  
  56  5:24  Probe (Chrono Boost)  
  56  5:28  Probe (Chrono Boost)  
  58  5:29  Oracle  
  58  5:30  Pylon  
  58  5:35  Probe (Chrono Boost)  
  62  5:40  Probe (Chrono Boost)  
  62  5:41  Stargate  
  63  5:45  Protoss Ground Weapons Level 1, Probe (Chrono Boost)  
  64  5:52  Probe (Chrono Boost)  
  65  5:57  Probe (Chrono Boost)  
  65  6:02  Assimilator  
  66  6:04  Assimilator  
  66  6:08  Void Ray  
  66  6:09  Pylon  
  70  6:26  Probe (Chrono Boost)  
  70  6:27  Probe (Chrono Boost)  
  70  6:30  Adept x2  
  73  7:20  Fleet Beacon, Adept x2  
  77  7:52  Protoss Air Weapons Level 1  
  77  8:01  Stargate  
  77  8:09  Adept x2  
  81  8:16  Pylon  
  81  8:23  Carrier x2  
  81  8:33  Graviton Catapult  
  93  8:45  Pylon  
  93  8:46  Pylon  
  93  9:02  Carrier  
  93  9:04  Nexus  
  93  9:06  Mothership Core (Chrono Boost), Pylon  
  93  9:08  Pylon  
  100  9:32  Photon Cannon x2  
  100  9:33  Photon Cannon  
  100  9:35  Photon Cannon, Adept x3  
  100  9:36  Photon Cannon  
  106  9:38  Photon Cannon  
  106  9:40  Photon Cannon  
  106  9:43  Pylon  
  106  9:56  Carrier x2  
  106  10:04  Photon Cannon  
  108  10:08  Probe x2 (Chrono Boost)  
  126  10:16  Probe (Chrono Boost)  
  126  10:20  Probe (Chrono Boost)  
  128  10:28  Protoss Air Weapons Level 2  
  128  10:38  Assimilator  
  128  10:39  Assimilator  
  128  10:46  Carrier  
  134  11:23  Void Ray, Probe (Chrono Boost)  
  134  11:24  Void Ray, Probe (Chrono Boost)  
  134  11:25  Stargate, Probe (Chrono Boost)  
  143  11:46  Photon Cannon  
  143  11:52  Probe (Chrono Boost)  
  143  11:53  Probe (Chrono Boost)  
  145  12:01  Void Ray  
  145  12:05  Protoss Ground Weapons Level 2  
  149  12:15  Nexus  
  149  12:23  Pylon  
  149  12:24  Pylon  
  149  12:26  Pylon  
  149  12:28  Pylon  
  149  12:30  Pylon  
  149  12:36  Void Ray  
  149  12:41  Void Ray, Probe (Chrono Boost)  
  149  12:43  Probe (Chrono Boost)  
  159  12:46  Adept x3  
  165  12:54  Templar Archives  
  165  13:07  Void Ray  
  165  13:10  Adept  
  165  13:11  Adept  
  169  13:13  Void Ray  
  177  13:20  Protoss Air Weapons Level 3  
  179  13:27  Probe x2 (Chrono Boost)  
  179  13:28  Probe (Chrono Boost)  
  179  13:29  Probe (Chrono Boost)  
  181  13:37  Carrier  
  181  13:40  Probe (Chrono Boost)  
  188  13:50  High Templar x2  
  192  13:59  Probe (Chrono Boost)  
  192  14:00  Probe (Chrono Boost)  
  192  14:01  Probe (Chrono Boost)  
  195  14:03  Psionic Storm  
  195  14:25  High Templar  
  189  15:12  Mothership Core (Chrono Boost)  
  157  15:47  Void Ray  
  151  15:53  Void Ray x2  
  161  16:02  Probe (Chrono Boost)  
  162  16:08  Robotics Facility  
  144  16:28  Void Ray  
  144  16:30  Probe (Chrono Boost)  
  144  16:32  Probe x2 (Chrono Boost)  
  147  16:33  Assimilator  
  147  16:34  Assimilator  
  147  16:39  Void Ray  
  147  16:42  Nexus  
  125  16:57  Stalker x2  
  125  16:58  Stalker  
  111  17:21  Void Ray  
  115  17:25  Probe (Chrono Boost)  
  115  17:27  Probe (Chrono Boost)  
  117  17:35  Stalker  
  117  17:36  Stalker x2  
Show
View Real Time Build Order
Export as new Build Order

DeakonFrost Zerg - Winner!

Build Orders: 3 Hatch before Pool, Lurkers, Zergling Baneling 

Get SALT Encoding   

  12  0:02  Drone  
  13  0:13  Overlord  
  13  0:17  Drone  
  14  0:32  Drone x2  
  16  0:35  Drone  
  17  0:56  Hatchery  
  16  1:02  Drone  
  17  1:27  Hatchery  
  16  1:33  Drone x3  
  16  1:37  Extractor  
  18  1:48  Spawning Pool  
  18  1:52  Drone  
  18  2:01  Drone  
  18  2:08  Drone x2  
  22  2:22  Drone  
  22  2:23  Drone  
  23  2:36  Queen x2  
  27  2:38  Metabolic Boost  
  27  2:43  Queen  
  29  2:54  Drone  
  29  2:56  Spore Crawler  
  29  2:58  Drone, Spore Crawler  
  29  3:00  Drone  
  30  3:11  Drone  
  30  3:12  Baneling Nest  
  30  3:20  Spore Crawler  
  30  3:26  Zergling x8  
  33  3:30  Overlord  
  33  3:35  Overlord  
  33  3:43  Zergling x2  
  34  3:53  Zergling x10  
  34  3:54  Zergling x2  
  40  3:59  Baneling x3  
  40  4:00  Baneling  
  40  4:06  Drone  
  40  4:07  Drone x2  
  43  4:16  Overlord  
  43  4:17  Overlord  
  43  4:34  Baneling x2  
  43  4:35  Baneling x2, Drone  
  43  4:36  Drone x4  
  45  4:56  Zergling x12  
  49  5:03  Overlord x3  
  49  5:07  Lair  
  49  5:09  Extractor  
  49  5:12  Extractor x2  
  49  5:13  Drone x2  
  48  5:23  Drone x2  
  48  5:24  Drone x3  
  53  5:30  Drone x3  
  53  5:31  Drone  
  53  5:33  Drone  
  58  5:36  Drone  
  58  5:37  Drone  
  58  5:39  Drone  
  61  5:45  Drone x3  
  61  5:47  Drone  
  61  5:48  Drone  
  61  5:49  Drone  
  67  5:53  Drone  
  67  5:56  Drone x2  
  70  6:00  Evolution Chamber  
  70  6:02  Evolution Chamber  
  68  6:04  Hydralisk Den  
  67  6:27  Drone x6  
  67  6:29  Overlord x2  
  67  6:30  Overlord x2  
  73  6:36  Muscular Augments  
  73  6:37  Zerg Missile Weapons Level 1, Zerg Ground Armor Level 1  
  71  6:57  Spore Crawler  
  69  7:05  Drone x3  
  69  7:06  Drone x6  
  69  7:07  Drone  
  80  7:10  Extractor  
  80  7:11  Extractor, Drone  
  79  7:24  Pneumatized Carapace  
  79  7:26  Overseer  
  79  7:28  Hydralisk x9  
  97  7:31  Zergling x6  
  97  7:35  Overlord  
  99  7:56  Drone x2  
  99  7:57  Drone x3  
  99  7:58  Drone  
  105  8:01  Spire  
  105  8:03  Drone  
  105  8:08  Burrow  
  105  8:30  Hatchery  
  105  8:32  Drone  
  105  8:33  Drone  
  106  8:34  Overlord x5  
  106  8:35  Overlord x2  
  106  8:36  Overlord  
  106  8:38  Zerg Ground Armor Level 2, Zerg Missile Weapons Level 2  
  106  8:40  Drone  
  106  8:43  Drone  
  106  8:47  Infestation Pit  
  106  8:50  Evolution Chamber  
  106  8:51  Extractor  
  106  8:55  Extractor  
  103  9:17  Zerg Melee Weapons Level 1  
  102  9:25  Hive  
  102  9:28  Overlord x2  
  102  9:37  Drone  
  102  9:38  Drone x3  
  105  9:39  Drone x2  
  105  9:40  Drone  
  109  9:50  Corruptor x3  
  109  9:51  Corruptor x5  
  109  9:52  Corruptor  
  127  9:56  Drone x2  
  127  9:57  Drone  
  130  10:03  Lurker Den  
  130  10:13  Drone, Spore Crawler  
  130  10:14  Drone x5  
  133  10:15  Drone x4  
  133  10:19  Hatchery  
  138  10:24  Extractor  
  138  10:25  Extractor  
  136  10:31  Spore Crawler  
  136  10:32  Spore Crawler x2  
  136  10:33  Spore Crawler  
  136  10:34  Spine Crawler  
  131  10:41  Zerg Flyer Weapons Level 1  
  131  10:44  Spore Crawler  
  131  10:45  Spine Crawler  
  131  10:49  Spore Crawler  
  128  10:50  Spore Crawler x2  
  126  11:09  Zerg Missile Weapons Level 3, Zerg Ground Armor Level 3  
  124  11:20  Corruptor  
  124  11:21  Corruptor x9  
  124  11:23  Corruptor  
  141  11:26  Drone x3  
  141  11:28  Drone x3, Overlord  
  141  11:29  Overlord  
  145  11:35  Ultralisk Cavern, Drone  
  143  11:41  Zerg Melee Weapons Level 2  
  143  11:44  Queen  
  145  11:52  Drone  
  145  11:53  Drone x2  
  145  11:54  Queen  
  148  11:56  Drone x3  
  153  12:06  Corruptor x2  
  153  12:07  Corruptor x4  
  165  12:13  Spore Crawler  
  164  12:15  Spore Crawler  
  164  12:16  Spore Crawler  
  164  12:17  Drone x3  
  164  12:21  Extractor  
  164  12:22  Extractor  
  163  12:25  Hatchery  
  162  12:38  Viper x4  
  174  13:06  Spore Crawler  
  174  13:07  Spore Crawler  
  174  13:08  Spore Crawler  
  169  13:56  Queen  
  169  14:00  Adrenal Glands  
  169  14:03  Zerg Melee Weapons Level 3  
  169  14:08  Overlord  
  169  14:11  Chitinous Plating  
  169  14:13  Overseer x2  
  169  14:18  Corruptor x5  
  169  14:19  Corruptor x5  
  169  14:20  Corruptor x2  
  169  14:21  Corruptor  
  169  14:23  Viper  
  198  14:36  Drone  
  193  14:53  Lurker x3  
  193  14:54  Lurker x4  
  147  15:34  Corruptor  
  147  15:35  Corruptor x15  
  175  15:49  Corruptor  
  166  15:50  Corruptor x2  
  164  16:27  Hatchery, Corruptor  
  164  16:28  Corruptor x7  
  164  16:32  Drone x3  
  180  16:33  Drone x3  
  163  16:59  Zergling x2  
  163  17:00  Zergling x26  
  167  17:17  Corruptor x3  
  167  17:18  Corruptor x5  
  162  17:51  Zergling x2  
  162  17:52  Zergling x30  
  178  18:29  Extractor  
  178  18:31  Extractor  
  178  18:32  Hatchery  
  178  18:35  Extractor  
  178  18:38  Zerg Flyer Armor Level 1  
  178  18:39  Extractor  
  178  18:41  Spire  
  178  18:44  Drone  
  178  18:48  Queen  
  178  19:12  Drone  
  178  19:13  Drone x2  
  178  19:19  Pathogen Glands  
  178  19:29  Centrifical Hooks  
  178  19:30  Drone x2  
  178  19:45  Baneling  
  178  19:46  Baneling x16  
  178  19:47  Baneling x17  
  178  20:16  Neural Parasite  
  178  20:17  Extractor x2, Hatchery  
  178  20:38  Nydus Network  
  178  20:40  Roach Warren  
  178  20:46  Zerg Flyer Armor Level 2, Zerg Flyer Weapons Level 2  
  178  21:34  Queen  
  178  21:37  Queen  
  178  23:38  Glial Reconstitution  
  178  24:13  Zerg Flyer Armor Level 3, Zerg Flyer Weapons Level 3  
  178  24:57  Tunneling Claws  
  178  25:20  Queen  
  178  27:05  Greater Spire x2  
Tags
 
Add a new tag
Caveats
  • Supply blocks, unpowered buildings, or Contaminate may cause inaccurate times.
  • Supply counts are checked every 10 seconds.